 Dungeon Crawl Stone Soup version 0.29.1-14-g9c671dbff4 (webtiles) character file.

Game seed: 6917573570875387283

81 leafyfresh the Magician (level 4, -11/31 HPs)
             Began as a Djinni Ice Elementalist on Feb 18, 2023.
             Mangled by an ogre
             ... wielding a +0 giant spiked club
              (14 damage)
             ... on level 3 of the Dungeon.
             The game lasted 00:03:38 (4042 turns).

leafyfresh the Magician (Djinni Ice Elementalist)   Turns: 4042, Time: 00:03:38

Health: -11/31     AC:  3    Str:  7    XL:     4   Next: 67%
Gold:   124        EV: 17    Int: 18    God:
                   SH:  0    Dex: 14

rFire   + + .      SeeInvis .   w - +1 whip (freeze)
rCold   x . .      Faith    +   (no shield)
rNeg    . . .      Spirit   .   a - +0 robe
rPois   ∞          Reflect  .   (no helmet)
rElec   .          Harm     .   (no cloak)
rCorr   .          Rampage  .   o - +0 pair of gloves
Will    .....                   (boots unavailable)
Stlth   ++........              k - amulet of faith
HPRegen 0.10/turn               l - ring of wizardry
MPRegen 0.00/turn               s - +4 ring of evasion

@: freezing walls, flying
A: sickness immunity, fire resistance 2, cold vulnerability 1, float, innate
caster, HP casting, extra vitality 1
a: no special abilities


You were on level 3 of the Dungeon.
You visited 1 branch of the dungeon, and saw 4 of its levels.

You collected 124 gold pieces.

Inventory:

Hand Weapons
 i - a +0 short sword
 j - a +0 dagger
 w - a +1 whip of freezing (weapon)
Missiles
 v - 3 javelins
Armour
 a - a +0 robe (worn)
 o - a +0 pair of gloves (worn)
Jewellery
 k - an amulet of faith (around neck)
 l - a ring of wizardry (left hand)
 s - a +4 ring of evasion (right hand)
Scrolls
 b - 2 scrolls of butterflies {unknown}
 c - a scroll of immolation {unknown}
 d - 2 scrolls of identify {unknown}
 e - a scroll of enchant weapon {unknown}
 g - 3 scrolls of teleportation {unknown}
 h - a scroll of noise {unknown}
 n - 3 scrolls of blinking {unknown}
 r - a scroll of amnesia {unknown}
 u - a scroll of acquirement {unknown}
Potions
 f - 2 potions of attraction {unknown}
 m - a potion of degeneration {unknown}
 p - a potion of brilliance {unknown}
 q - 2 potions of heal wounds {unknown}
 t - a potion of magic {unknown}


   Skills:
 + Level 3.7 Dodging
 - Level 1.7 Stealth
 + Level 3.9 Spellcasting


You couldn't memorise any spells.
You knew the following spells:

 Your Spells              Type           Power      Damage    Failure   Level
a - Freeze                Ice            68%        1d8       1%          1
b - Frozen Ramparts       Ice            34%        1d6       3%          3
c - Ozocubu's Armour      Ice            17%        N/A       3%          3
d - Hailstorm             Conj/Ice       17%        3d6       12%         4
e - Apportation           Tloc           34%        N/A       1%          1
Your spell library was empty.

Dungeon Overview and Level Annotations

Branches:
Dungeon (4/15)
 Temple: D:4-7

Altars:
Cheibriados
Xom

Shops:
D:1 *   D:2 (


Innate Abilities, Weirdness & Mutations

You are immune to sickness and miasma.
You are immune to poison.
Your flesh is very heat resistant. (rF++)
You are vulnerable to cold. (rC-)
You float through the air rather than walking.
You learn spells naturally, not from books.
Your magical power is your life essence.
You have superior vitality. (+4 MHP)


Message History

No target in view!
Done exploring.
No target in view!
Done exploring.
No target in view!
Done exploring.
There is a stone staircase leading down here.
You fly downwards.
The lemure shouts!
The ogre shouts!
The hobgoblin shouts!
You hear a shout!
Found 2 stones and a long sword.
There is a stone staircase leading up here.
There are monsters nearby!
You hit the ogre. You freeze the ogre.
The ogre is lightly wounded.
The ogre hits you with a +0 giant spiked club!!
Ouch! That really hurt!
* * * LOW HITPOINT WARNING * * *
The hobgoblin hits you but does no damage.
There are monsters nearby!
Unknown command.
The hobgoblin hits you.
* * * LOW HITPOINT WARNING * * *
You fly upwards.
There is a stone staircase leading down here.
Casting: Frozen Ramparts (dangerous; 3% risk of failure)
Confirm with . or Enter, or press ? or * to list all spells.
Okay, then.
Unknown command.
Casting: Frozen Ramparts (dangerous; 3% risk of failure)
Confirm with . or Enter, or press ? or * to list all spells.
Okay, then.
Casting: Frozen Ramparts (dangerous; 3% risk of failure)
Confirm with . or Enter, or press ? or * to list all spells.
Casting: Frozen Ramparts (dangerous; 3% risk of failure)
Press: ? - help, Dir - look around, f - activate The walls around you are covered in ice.
* * * LOW HITPOINT WARNING * * *
The wall freezes the ogre.
The ogre hits you with a +0 giant spiked club!
You die...

.## #.#########...........#######
..###.# ##.#..##...........
...##.# ########...###.#.....###.
...#..# #........................
#....## ###...##.###...###.......
##....# ###....###...###..####.
###..#### #.).g....#..###.## #.
#......####.##O###.....##..####
###.###.......##@####..#..##..###
..................###.....>......
#.########.##..............####..
...............##......##### #..
..######.#####.####.....# ##< ###
##### #..####.##.# #. ###
#.###.)...#.##.# #. #
####.####.##.###.#.#### #. #
#.###.###÷##.# #.#.# ##


You could see an ogre and a hobgoblin.

Vanquished Creatures
  A gnoll (D:1)
  An adder (D:3)
  A worm (D:3)
  2 dart slugs (D:1)
  2 orcs (D:3)
  4 ball pythons
  5 endoplasms
  3 giant cockroaches
  6 hobgoblins
  4 jackals (D:1)
  2 quokkas
  A bat (D:1)
  5 frilled lizards
  5 goblins
  3 kobolds
  5 rats
50 creatures vanquished.

Vanquished Creatures (others)
  A kobold (D:3)
1 creature vanquished.

Grand Total: 51 creatures vanquished

Notes
Turn   | Place    | Note
-------+----------+-------------------------------------------
     0 | D:1      | leafyfresh the Djinni Ice Elementalist began the quest for
                  | the Orb.
     0 | D:1      | leafyfresh set off with the following spells memorised:
                  | Freeze, Frozen Ramparts, Ozocubu's Armour, Hailstorm.
     0 | D:1      | Reached XP level 1. HP: 15/15 MP: 0/0
   219 | D:1      | Reached XP level 2. HP: 20/21 MP: 0/0
   561 | D:1      | Reached XP level 3. HP: 17/25 MP: 0/0
   561 | D:1      | Learned a level 1 spell: Apportation
   679 | D:1      | Found Uho Udu's General Store.
  1565 | D:2      | Found a faded altar of an unknown god.
  2620 | D:2      | Found Masetwyj's Weapon Shop.
  2838 | D:3      | Found a shimmering altar of Xom.
  2846 | D:3      | Reached XP level 4. HP: 24/31 MP: 0/0
  3371 | D:3      | Found a snail-covered altar of Cheibriados.
  4037 | D:4      | Noticed a lemure
  4037 | D:4      | Noticed an ogre
  4042 | D:3      | Mangled by an ogre

Illustrated notes

Levels and vault maps discovered:
D:1:      lemuel_arrival_river_ford, layout_basic, serial_shops, shop,
          serial_bayou_pond_d, hangedman_abyss_or_decor_stabs
D:2:      layout_loops_corners, serial_shops, nicolae_lakefront_shop,
          hellmonk_ecumenical_altar_crossroads, minivault_19
D:3:      layout_rooms, nicolae_overflow_crystal_walls, xom_confusion_cloud,
          minmay_increasing_density
D:4:      layout_rooms, minmay_temple_entry_arrows,
          hellmonk_ghost_happy_afterlife, uniq_pikel, uniq_natasha

Skill      XL: |  1  2  3 |
---------------+----------+-----
Dodging        | 3 |  3.7
Stealth        | |  1.7
Spellcasting   | |  3.9

Action                   |  1- 3 |  4- 6 || total
-------------------------+-------+-------++-------
Melee: Unarmed           |     9 |       ||     9
       Dagger            |    20 |    43 ||    63
       Punch             |       |     3 ||     3
       Whip              |       |     1 ||     1
 Cast: Freeze            |    45 |     4 ||    49
       Frozen Ramparts   |     2 |     3 ||     5
       Ozocubu's Armour  |     1 |       ||     1
       Hailstorm         |       |     2 ||     2
 Stab: Sleeping          |       |     2 ||     2
       Distracted        |       |     1 ||     1
Armor: Robe              |    13 |     6 ||    19
Dodge: Dodged            |    54 |    25 ||    79
